Map: 赛博森林-天梯版

Players

MaNa - Winner!

  • Race: Protoss Protoss
  • League: Master

Lobo

  • Race: Protoss Protoss

Event: WESG 2018 Grand Finals

VOD

Have the link to the VOD?

Description

Time

  • Played on: March 11, 2019, 3:08 a.m.
  • Length: 5:10

All games in this series

Show
View Real Time Build Order
Export as new Build Order

MaNa Protoss - Winner!

Build Orders:  

Get SALT Encoding   

  12  0:00  Probe  
  13  0:12  Probe  
  14  0:17  Pylon  
  14  0:24  Probe  
  15  0:32  Probe  
  15  0:37  Gateway  
  15  0:40  Probe  
  16  0:46  Assimilator  
  17  0:50  Probe  
  17  0:54  Assimilator  
  18  0:58  Probe  
  19  1:06  Probe  
  19  1:07  Gateway  
  20  1:17  Probe  
  21  1:27  Cybernetics Core  
  21  1:29  Probe  
  22  1:33  Pylon  
  22  1:41  Probe  
  23  1:53  Warp Gate  
  23  1:54  Probe  
  24  2:03  Adept x2  
  24  2:06  Probe  
  29  2:11  Pylon  
  29  2:32  Probe  
  29  2:33  Stalker x2  
  33  2:54  Nexus  
  33  3:02  Probe  
  33  3:03  Stalker  
  36  3:10  Shield Battery  
  36  3:15  Stalker  
  36  3:19  Shield Battery  
  38  3:27  Shield Battery  
  38  3:39  Shield Battery  
  38  3:51  Probe, Robotics Facility  
  39  4:06  Stalker, Sentry  
  39  4:07  Probe x2  
  45  4:23  Gateway  
  43  4:29  Stalker x2  
  47  4:37  Shield Battery  
  47  4:53  Zealot  
  47  4:54  Zealot  
Show
View Real Time Build Order
Export as new Build Order

Lobo Protoss 

Build Orders:  

Get SALT Encoding   

  12  0:00  Probe  
  13  0:12  Probe  
  14  0:17  Pylon  
  14  0:25  Probe  
  15  0:34  Probe  
  15  0:38  Gateway  
  15  0:42  Probe  
  16  0:48  Assimilator  
  17  0:51  Probe  
  17  0:55  Assimilator  
  18  1:03  Probe  
  19  1:11  Probe, Gateway  
  20  1:19  Probe  
  21  1:25  Cybernetics Core  
  21  1:29  Probe  
  22  1:36  Pylon  
  22  1:41  Probe  
  23  1:50  Pylon  
  23  1:54  Probe  
  24  2:04  Adept  
  24  2:05  Adept, Warp Gate  
  28  2:16  Robotics Facility  
  28  2:34  Stalker  
  28  2:35  Stalker  
  32  2:43  Gateway  
  32  2:54  Shield Battery  
  32  2:57  Immortal  
  32  3:28  Warp Prism  
  30  3:54  Probe  
  31  4:07  Stalker, Sentry x2  
  35  4:28  Probe  
  36  4:40  Probe  
  36  4:41  Zealot  
  36  4:44  Pylon  
Tags
 
Add a new tag
Caveats
  • Supply blocks, unpowered buildings, or Contaminate may cause inaccurate times.
  • Supply counts are checked every 10 seconds.